[Event "Titled Tuesday Blitz August 24 2021"]
[White "Svane, Frederik"]
[Black "Hovhannisyan, Robert"]
[WhiteFideId "12923044"]
[BlackFideId "13302507"]
[WhiteElo "2459"]
[BlackElo "2669"]
[Result "1-0"]
[Round "10"]
[TimeControl "180+1"]
[Date "2021.08.24"]
[WhiteClock "0:00:11"]
[BlackClock "0:00:01"]

1. e4 Nc6 2. Nf3 d6 3. d4 Nf6 4. Bd3 e5 5. c3 g6 6. O-O Bg7 7. dxe5 Nxe5 8. Nxe5 dxe5 9. Qe2 O-O 10. Nd2 Nh5 11. Nc4 Be6 12. Rd1 Qh4 13. g3 Qh3 14. Qf1 Rfd8 15. Qxh3 Bxh3 16. Bg5 f6 17. Be3 Bg4 18. Rd2 Bf8 19. Kg2 Ng7 20. f3 Be6 21. b3 a5 22. a4 b6 23. Rad1 Bf7 24. Nb2 Ba3 25. Nc4 Be7 26. Be2 Rxd2 27. Rxd2 Ne6 28. Nb2 Nc5 29. Bc4 Bxc4 30. Nxc4 Ne6 31. f4 exf4 32. gxf4 f5 33. exf5 gxf5 34. Rd5 Bc5 35. Bd2 Rf8 36. b4 axb4 37. cxb4 Bd4 38. a5 bxa5 39. bxa5 Bc3 40. Kf3 Nd4+ 41. Ke3 Nc2+ 42. Kf3 Bxd2 43. Rxd2 Nb4 44. Rd7 c5 45. Rc7 Ra8 46. Rxc5 Kg7 47. Rxf5 Rc8 48. Nd6 Rc3+ 49. Kg4 Nc2 50. Rf7+ Kg6 51. f5+ Kh6 52. Rf6+ Kg7 53. Re6 Nd4 54. Re7+ Kh6 55. a6 Ra3 56. a7 Ra4 57. Kg3 Kg5 58. h4+ Kf6 59. Rf7+ Ke5 60. Nc8 Nxf5+ 61. Kf2 Ra2+ 62. Ke1 1-0


[Site "https://www.chess.com"]

[Event "Titled Tuesday Blitz August 24 2021"]
[White "Tanenbaum, Zachary"]
[Black "Maltsevskaya, Aleksandra"]
[WhiteFideId "2060850"]
[BlackFideId "24174041"]
[WhiteElo "2165"]
[BlackElo "2225"]
[Result "0-1"]
[Round "10"]
[TimeControl "180+1"]
[Date "2021.08.24"]
[WhiteClock "0:00:01"]
[BlackClock "0:00:02"]

1. e4 c5 2. Nf3 e6 3. d4 cxd4 4. Nxd4 Nf6 5. Nc3 Nc6 6. Ndb5 Bc5 7. Nd6+ Ke7 8. Bf4 e5 9. Nf5+ Kf8 10. Bg5 h6 11. Bxf6 Qxf6 12. Nd5 Qd8 13. Bc4 g6 14. Nfe3 d6 15. c3 Be6 16. O-O Qh4 17. Qf3 Kg7 18. Nc7 Bxc4 19. Nxc4 Rac8 20. Nd5 Rhf8 21. g3 Qd8 22. b4 Bb6 23. Rad1 Nd4 24. Qd3 Ne6 25. Ndxb6 axb6 26. Nxd6 Ra8 27. Qc4 Qf6 28. Nxb7 Rfc8 29. Qd5 Rxc3 30. Nc5 bxc5 31. Qxa8 Ng5 32. h4 Nf3+ 33. Kh1 Nxh4 34. f4 Rxg3 35. Qd8 Qe6 36. f5 Qxa2 37. Rd2 Qb3 38. Rh2 Rh3 39. f6+ Kh7 40. Qd2 Qg3 41. bxc5 Nf3 42. Rxf3 Qxf3+ 0-1


[Site "https://www.chess.com"]

[Event "Titled Tuesday Blitz August 24 2021"]
[White "TanitoluwaAps116"]
[Black "Ulko, Jaroslav"]
[BlackFideId "4116658"]
[WhiteElo "2476"]
[BlackElo "2304"]
[Result "0-1"]
[Round "10"]
[TimeControl "180+1"]
[Date "2021.08.24"]
[WhiteClock "0:00:07"]
[BlackClock "0:00:13"]

1. d4 Nf6 2. c4 g6 3. Nc3 Bg7 4. e4 d6 5. f3 O-O 6. Be3 e5 7. d5 c6 8. Qd2 cxd5 9. cxd5 a6 10. a4 Nh5 11. g3 f5 12. Bf2 Nd7 13. b4 Ndf6 14. a5 Bd7 15. Bb6 Qe7 16. Bd3 Rac8 17. Nge2 fxe4 18. fxe4 Bh3 19. Rg1 Ng4 20. Nc1 Bh6 21. Qc2 Ne3 22. Qe2 Bf1 23. Qb2 Bxd3 24. Nxd3 Nc4 25. Qe2 Bd2+ 26. Qxd2 Nxd2 27. Kxd2 Nf6 28. Nf2 Nd7 29. Be3 Rf3 30. Rae1 Rcf8 31. Ng4 h5 32. Nh6+ Kh7 33. Rg2 Rxe3 34. Rxe3 Kxh6 35. Rge2 Nf6 36. h4 Ng4 37. Rd3 Rf1 38. Kc2 Qc7 39. Kb3 Rc1 40. Rc2 Rxc2 41. Kxc2 Qc4 42. b5 axb5 43. Rd1 b4 44. Rd3 bxc3 45. Rxc3 Qxe4+ 46. Kb3 Qxd5+ 47. Rc4 Ne3 48. Kb4 Qxc4+ 49. Ka3 Qb5 50. Ka2 Nc4 51. Ka1 Qb2# 0-1


[Site "https://www.chess.com"]

[Event "Titled Tuesday Blitz August 24 2021"]
[White "Temirkanov, David"]
[Black "Grafil, Franz Robert"]
[WhiteFideId "4168534"]
[BlackFideId "5205298"]
[WhiteElo "2125"]
[BlackElo "2211"]
[Result "0-1"]
[Round "10"]
[TimeControl "180+1"]
[Date "2021.08.24"]
[WhiteClock "0:00:09"]
[BlackClock "0:00:03"]

1. e4 e6 2. d4 d5 3. exd5 exd5 4. c4 Nf6 5. Nc3 Bb4 6. Nf3 O-O 7. Bd3 dxc4 8. Bxc4 Nbd7 9. O-O Nb6 10. Bb3 Bg4 11. Bg5 c6 12. h3 Bh5 13. Ne4 Be7 14. Ng3 Bg6 15. Ne5 Nfd5 16. Be3 Bf6 17. Re1 Re8 18. Ng4 Bh4 19. Qf3 Nxe3 20. fxe3 Qc7 21. Ne5 Rxe5 22. dxe5 Qxe5 23. Kh2 Qxb2 24. Rf1 Bf6 25. Ne4 Bxe4 26. Qxe4 Qe5+ 27. Qxe5 Bxe5+ 28. Kh1 Bxa1 29. Rxa1 Re8 30. Rf1 Re7 31. e4 Kf8 32. a4 f6 33. Rc1 a5 34. Rb1 Rxe4 35. Bc2 Rb4 36. Re1 Nxa4 37. Bxh7 Kf7 38. Bf5 Nc5 39. g4 a4 40. h4 a3 41. h5 Ne4 42. Bxe4 Ke7 43. Bxc6+ Kd6 44. Bf3 a2 45. Rd1+ Kc5 46. Rc1+ Rc4 47. Ra1 Rc2 48. Be4 Rb2 49. Bf5 b5 50. h6 gxh6 51. Kg1 b4 52. Kf1 b3 53. Ke1 Rh2 54. Bd3 Kd4 55. Bf1 Kc3 56. Rc1+ Kb2 57. Rd1 a1=Q 58. Rb1+ Qxb1# 0-1


[Site "https://www.chess.com"]

[Event "Titled Tuesday Blitz August 24 2021"]
[White "Ter-Sahakyan, Samvel"]
[Black "Papasimakopoulos, Alexandros"]
[WhiteFideId "13302531"]
[BlackFideId "4244125"]
[WhiteElo "2551"]
[BlackElo "2352"]
[Result "1-0"]
[Round "10"]
[TimeControl "180+1"]
[Date "2021.08.24"]
[WhiteClock "0:00:07"]
[BlackClock "0:00:07"]

1. Nf3 f5 2. d4 Nf6 3. g3 g6 4. Bg2 Bg7 5. O-O O-O 6. c4 d6 7. Nc3 e6 8. Qc2 Nc6 9. Rd1 Kh8 10. Rb1 a5 11. a3 Bd7 12. b4 axb4 13. axb4 h6 14. b5 Ne7 15. e4 fxe4 16. Nxe4 Nf5 17. Bb2 g5 18. h3 g4 19. hxg4 Nxg4 20. Qe2 Qe8 21. Ra1 Qh5 22. Rxa8 Rxa8 23. Ra1 Rf8 24. Ra7 Bc8 25. Ra8 d5 26. Nc5 Nh2 27. Nd3 Nxf3+ 28. Bxf3 Qg6 29. Ne5 Qf6 30. cxd5 exd5 31. Bxd5 c6 32. bxc6 bxc6 33. Bxc6 Be6 34. Rxf8+ Qxf8 35. Be4 Qb4 36. Ng6+ Kg8 37. Bxf5 Bc4 38. Be6+ Kh7 39. Bxc4 Kxg6 40. Bd3+ Kf7 41. Qf3+ Kg8 42. Qe2 Qb8 43. Qe6+ Kh8 44. Qf5 Kg8 45. Qe6+ Kh8 46. Bc1 Qd8 47. Qe3 Qd7 48. Qe4 Kg8 49. Be3 Qd8 50. Bc4+ Kh8 51. Bd3 Kg8 52. Qe6+ Kh8 53. Qg6 Kg8 54. Bxh6 Qxd4 55. Qxg7+ Qxg7 56. Bxg7 1-0


[Site "https://www.chess.com"]

[Event "Titled Tuesday Blitz August 24 2021"]
[White "Timofeev, Artyom"]
[Black "Rakhmanov, Aleksandr"]
[WhiteFideId "4140419"]
[BlackFideId "4173708"]
[WhiteElo "2582"]
[BlackElo "2498"]
[Result "0-1"]
[Round "10"]
[TimeControl "180+1"]
[Date "2021.08.24"]
[WhiteClock "0:01:24"]
[BlackClock "0:00:10"]

1. c4 e5 2. e3 Nf6 3. Nc3 Bb4 4. Nge2 O-O 5. a3 Bxc3 6. Nxc3 Nc6 7. Be2 d5 8. cxd5 Nxd5 9. O-O Be6 10. d3 a5 11. Qc2 Qd7 12. Ne4 b6 13. b3 f6 14. Bb2 Nde7 15. Rfd1 Rad8 16. Rac1 Rc8 17. d4 exd4 18. Bxd4 Qe8 19. Bb2 Qf7 20. Nd2 Rfd8 21. Bf3 Ne5 22. Bxe5 fxe5 23. Nc4 Bxc4 24. Rxd8+ Rxd8 25. Qxc4 Qxc4 26. Rxc4 c5 27. Rc3 e4 28. Bg4 Kf7 29. Kf1 Rd2 30. Ke1 Ra2 31. a4 Kf6 32. Rc4 Ke5 33. f3 exf3 34. Bxf3 Nf5 35. Re4+ Kf6 36. Re8 Rb2 37. Bd5 Ne7 38. Bc4 Rxg2 39. Rb8 Rxh2 40. Rxb6+ Kg5 41. Rb7 Nf5 42. e4 Nd6 43. Rxg7+ Kf4 44. Ra7 Ke3 45. Kf1 Nxc4 46. bxc4 Kxe4 47. Rxa5 Kd4 48. Ra8 Kxc4 49. a5 Ra2 50. a6 Kc3 51. a7 c4 52. Ke1 h5 53. Kf1 h4 54. Kg1 h3 55. Kh1 h2 0-1


[Site "https://www.chess.com"]

[Event "Titled Tuesday Blitz August 24 2021"]
[White "Tokman, Ariel"]
[Black "Vlassov, Nikolai"]
[WhiteFideId "117420"]
[BlackFideId "4103360"]
[WhiteElo "2345"]
[BlackElo "2407"]
[Result "0-1"]
[Round "10"]
[TimeControl "180+1"]
[Date "2021.08.24"]
[WhiteClock "0:00:49"]
[BlackClock "0:01:08"]

1. e4 Nc6 2. Nf3 d5 3. exd5 Qxd5 4. Nc3 Qa5 5. d4 Bg4 6. Be2 O-O-O 7. Be3 Bxf3 8. Bxf3 Nxd4 9. Bxd4 Qb4 10. O-O Rxd4 11. Qe2 e6 12. Rfd1 Bc5 13. Nb5 Rxd1+ 14. Rxd1 Nf6 15. Qd3 a6 16. Nc3 Be7 17. a3 Qb6 18. Na4 Qb5 19. Qxb5 axb5 20. Nc3 c6 21. Kf1 Rd8 22. Rxd8+ Kxd8 23. Ne4 Nd7 24. g3 Kc7 25. Be2 f5 26. Nd2 Bf6 27. c3 Nb6 28. Bd1 Kd6 29. Ke2 e5 30. Bc2 g6 31. h4 e4 32. Nf1 Na4 0-1


[Site "https://www.chess.com"]

[Event "Titled Tuesday Blitz August 24 2021"]
[White "Tong, Hai Anh"]
[Black "Rodchenkov, Vitaly"]
[WhiteFideId "12412805"]
[BlackFideId "4152964"]
[WhiteElo "1467"]
[BlackElo "2337"]
[Result "0-1"]
[Round "10"]
[TimeControl "180+1"]
[Date "2021.08.24"]
[WhiteClock "0:00:02"]
[BlackClock "0:00:15"]

1. Nf3 Nf6 2. g3 b5 3. Bg2 Bb7 4. O-O e6 5. d4 d5 6. Ne5 c5 7. f4 Nbd7 8. c3 Be7 9. Be3 O-O 10. Bf2 a5 11. Nd2 b4 12. Re1 Qb6 13. e4 dxe4 14. Nxe4 Rfd8 15. Nxf6+ Nxf6 16. dxc5 Bxc5 17. Qe2 Bxg2 18. Kxg2 bxc3 19. bxc3 Bxf2 20. Qxf2 Qc7 21. c4 Rac8 22. Rab1 h5 23. Qf3 Ng4 24. Nxg4 hxg4 25. Qxg4 Qxc4 26. Re2 a4 27. Qf3 Rd3 28. Qb7 Rcd8 29. Qb5 Qd4 30. Rb4 Qa1 31. Rb1 Qc3 32. Rbb2 a3 33. Rb3 Qd4 34. Qxd3 Qxd3 35. Rxd3 Rxd3 36. Rc2 g6 37. Kf2 Kg7 38. Ke2 Rd5 39. Rc3 Ra5 40. Kf3 Kf6 41. h4 Ra4 42. Rc5 Ke7 43. Ke3 Kd6 44. Rb5 Rc4 45. Rb3 Ra4 46. g4 Ke7 47. Kf3 f5 48. g5 Kf7 49. Rb7+ Kf8 50. Rb6 Ke7 51. Kg3 Rc4 52. Rb3 Ra4 53. h5 gxh5 54. Kh4 Rxf4+ 55. Kxh5 Ra4 56. g6 Kf6 57. Rb8 Rg4 58. Rf8+ Kg7 59. Rf7+ Kg8 60. Ra7 Rg3 61. Kh6 Rh3+ 62. Kg5 Rc3 63. Kf6 Rc8 64. Kxe6 f4 65. Rxa3 Kg7 66. Kf5 Rf8+ 67. Kg5 f3 68. Ra7+ Kg8 0-1


[Site "https://www.chess.com"]

[Event "Titled Tuesday Blitz August 24 2021"]
[White "Urazayev, Arystanbek"]
[Black "Martinez Reyes, Pedro Ramon"]
[WhiteFideId "13709810"]
[BlackFideId "3901807"]
[WhiteElo "2321"]
[BlackElo "2398"]
[Result "1-0"]
[Round "10"]
[TimeControl "180+1"]
[Date "2021.08.24"]
[WhiteClock "0:01:07"]
[BlackClock "0:00:04"]

1. e4 c5 2. Nf3 Nc6 3. Bb5 Na5 4. O-O a6 5. Be2 Nc6 6. c3 Nf6 7. e5 Nd5 8. d4 cxd4 9. cxd4 e6 10. Nc3 Nxc3 11. bxc3 d6 12. exd6 Bxd6 13. a4 O-O 14. Rb1 Qc7 15. c4 Rd8 16. Qc2 Bf4 17. Bb2 Nb4 18. Qb3 a5 19. g3 Bd6 20. Rfd1 Bd7 21. Rbc1 Qc6 22. c5 Bf8 23. Bb5 Qc7 24. Ne5 Be8 25. h4 Bc6 26. h5 Bd5 27. Qe3 h6 28. Bc3 Nc6 29. Nd3 b6 30. Nf4 bxc5 31. dxc5 Ne7 32. Be5 Qb7 33. Nxd5 Nxd5 34. c6 Qe7 35. Qf3 Rdc8 36. Rxd5 exd5 37. Qxd5 Rd8 38. Qe4 Re8 39. f4 Qa3 40. Qe1 Bc5+ 41. Kg2 Bb4 42. Qf1 Qa2+ 43. Qe2 Qd5+ 44. Kh2 Bd6 45. Rd1 1-0


[Site "https://www.chess.com"]

[Event "Titled Tuesday Blitz August 24 2021"]
[White "Vazquez, Facundo"]
[Black "Shahade, Gregory"]
[WhiteFideId "3007669"]
[BlackFideId "2009064"]
[WhiteElo "1984"]
[BlackElo "2672"]
[Result "0-1"]
[Round "10"]
[TimeControl "180+1"]
[Date "2021.08.24"]
[WhiteClock "0:00:02"]
[BlackClock "0:00:09"]

1. d4 Nf6 2. c4 g6 3. Nf3 Bg7 4. g3 d5 5. Bg2 O-O 6. O-O dxc4 7. Qa4 Nc6 8. Qxc4 Be6 9. Qd3 Nb4 10. Qd1 Bf5 11. Na3 Be4 12. Qb3 Nc6 13. Rd1 Bd5 14. Qa4 a6 15. Bf4 b5 16. Qc2 Bxf3 17. Bxf3 Nxd4 18. Qxc7 Nxf3+ 19. exf3 Qxc7 20. Bxc7 Ne8 21. Bf4 Bxb2 22. Nc2 Rc8 23. Nb4 Bxa1 24. Rxa1 Nf6 25. Nxa6 Rc4 26. Rb1 Nd5 27. Bh6 Ra8 28. Rxb5 e6 29. Nc5 Nc7 30. Rb7 Rxc5 31. Kg2 Rc8 32. Be3 Rc6 33. a4 Nd5 34. Bg5 Ra6 35. Rd7 Rxa4 36. h4 h5 37. Bd2 Rd4 38. Bh6 Ne3+ 0-1


[Site "https://www.chess.com"]

[Event "Titled Tuesday Blitz August 24 2021"]
[White "Wagner, Dennis"]
[Black "Bilan, Danila"]
[WhiteFideId "24650684"]
[BlackFideId "24161918"]
[WhiteElo "2355"]
[BlackElo "2164"]
[Result "1/2-1/2"]
[Round "10"]
[TimeControl "180+1"]
[Date "2021.08.24"]
[WhiteClock "0:01:35"]
[BlackClock "0:01:07"]

1. e4 c6 2. d4 d5 3. exd5 cxd5 4. Bd3 Nc6 5. c3 Qc7 6. Ne2 Bg4 7. O-O e6 8. f3 Bh5 9. Qe1 Bg6 10. Bf4 Bd6 11. Bxd6 Qxd6 12. Bxg6 hxg6 13. Qg3 Qxg3 14. hxg3 Nge7 15. g4 Kd7 16. Na3 a6 17. Kf2 g5 18. Rh1 Ng6 19. Nc2 b5 20. Rh5 f6 21. Rxh8 Rxh8 22. a3 Nf4 23. Nxf4 gxf4 24. Nb4 a5 25. Nd3 g5 26. Re1 Kd6 27. Nc5 e5 28. Nb7+ Kc7 29. Nc5 Kd6 30. Nb7+ Kc7 31. Nc5 Kd6 1/2-1/2


[Site "https://www.chess.com"]

[Event "Titled Tuesday Blitz August 24 2021"]
[White "Warchol, Kamil"]
[Black "Kim, Sergey"]
[WhiteFideId "21858241"]
[BlackFideId "13700570"]
[WhiteElo "1694"]
[BlackElo "2469"]
[Result "0-1"]
[Round "10"]
[TimeControl "180+1"]
[Date "2021.08.24"]
[WhiteClock "0:00:06"]
[BlackClock "0:00:15"]

1. e4 e5 2. Nf3 Nc6 3. Bc4 Bc5 4. c3 Nf6 5. d3 d6 6. a4 a6 7. Nbd2 Ba7 8. Nf1 h6 9. Ng3 Be6 10. O-O O-O 11. Qe2 Re8 12. Nh4 Ne7 13. h3 c6 14. Qf3 d5 15. Ba2 Ng6 16. Nhf5 Kh7 17. h4 Ng8 18. h5 Nh4 19. Qg4 Nxf5 20. exf5 Bd7 21. c4 Nf6 22. Qf3 e4 23. dxe4 dxe4 24. Qf4 Bb8 25. Qh4 Qe7 26. Be3 Be5 27. c5 Nd5 28. Qxe7 Rxe7 29. Bxd5 cxd5 30. Rfd1 Bc6 31. Bd4 Bxg3 32. fxg3 a5 33. b3 e3 34. Re1 Rae8 35. Ra2 Re4 36. Bc3 d4 37. Bxa5 d3 38. Kf1 Bd5 39. Rb2 R8e5 40. Kg1 Rxf5 41. g4 Rfe5 42. Bc7 Re6 43. Ba5 Rxg4 44. Bc3 d2 45. Bxd2 exd2 46. Rd1 Rxg2+ 47. Kh1 Ree2 48. Rbxd2 Rxd2 49. Rxd2 Rxd2+ 50. Kg1 Bxb3 51. a5 Ba4 52. c6 Bxc6 53. a6 bxa6 54. Kf1 Rd5 55. Kg1 Rxh5 56. Kf1 Rg5 57. Kf2 a5 58. Kf1 a4 59. Kf2 a3 60. Ke2 a2 61. Kf2 a1=Q 62. Ke3 Qf6 63. Ke2 Re5+ 64. Kd2 Be8 65. Kc3 Qd6 66. Kc2 Rc5+ 67. Kb3 Qb6+ 68. Ka3 Ra5# 0-1


[Site "https://www.chess.com"]

[Event "Titled Tuesday Blitz August 24 2021"]
[White "Weetik, Vjacheslav"]
[Black "Liyanage, Ranindu Dilshan"]
[WhiteFideId "4153472"]
[BlackFideId "9915834"]
[WhiteElo "2752"]
[BlackElo "2629"]
[Result "1-0"]
[Round "10"]
[TimeControl "180+1"]
[Date "2021.08.24"]
[WhiteClock "0:00:14"]
[BlackClock "0:00:06"]

1. d4 Nf6 2. Bf4 e6 3. e3 d5 4. Nd2 c5 5. c3 Nc6 6. Bd3 Bd6 7. Bxd6 Qxd6 8. f4 Ne7 9. Qe2 O-O 10. Ngf3 b6 11. O-O Bb7 12. Rad1 Qc7 13. Ne5 Ne4 14. Bxe4 dxe4 15. dxc5 bxc5 16. Nb3 Rfd8 17. Qb5 Bd5 18. c4 f6 19. cxd5 fxe5 20. dxe6 exf4 21. Rd7 Rxd7 22. exd7 c4 23. Nc5 Qd6 24. Nb7 Qd3 25. d8=Q+ Rxd8 26. Nxd8 Qxd8 27. Qxc4+ Kh8 28. Rxf4 Ng6 29. Rxe4 h5 30. h3 h4 31. Qe6 Qd1+ 32. Kh2 Nf8 33. Rxh4+ 1-0


[Site "https://www.chess.com"]

[Event "Titled Tuesday Blitz August 24 2021"]
[White "Zhao, Erick"]
[Black "Gubanov, Oleg"]
[WhiteFideId "30946930"]
[BlackFideId "14115115"]
[WhiteElo "2564"]
[BlackElo "2138"]
[Result "0-1"]
[Round "10"]
[TimeControl "180+1"]
[Date "2021.08.24"]
[WhiteClock "0:00:58"]
[BlackClock "0:00:17"]

1. e4 Nf6 2. e5 Nd5 3. d4 d6 4. exd6 Qxd6 5. Nf3 Nc6 6. c4 Nf6 7. Nc3 a6 8. d5 Ne5 9. Be2 e6 10. O-O exd5 11. cxd5 Nxf3+ 12. Bxf3 Be7 13. Re1 O-O 14. Bg5 Bf5 15. Qd4 Rfe8 16. Bf4 Qd7 17. Re2 Bd6 18. Rae1 Rxe2 19. Rxe2 Bxf4 20. Qxf4 h6 21. h3 Rd8 22. Re5 Bg6 23. Qe3 b5 24. Re7 Qd6 25. Qe5 Qxe5 26. Rxe5 b4 27. Na4 Kf8 28. Nc5 Nd7 29. Nxd7+ Rxd7 30. a3 bxa3 31. bxa3 Re7 32. Rxe7 Kxe7 33. a4 a5 34. Kf1 Bc2 35. Ke2 Bxa4 36. Kd3 Kd6 37. Kd4 Bb3 38. Be4 a4 39. f4 a3 40. Kc3 Bxd5 41. Bd3 Bxg2 42. h4 Bd5 0-1


[Site "https://www.chess.com"]

[Event "Titled Tuesday Blitz August 24 2021"]
[White "Zhou, Jianchao"]
[Black "Le, Tuan Minh"]
[WhiteFideId "8603537"]
[BlackFideId "12401153"]
[WhiteElo "2462"]
[BlackElo "2450"]
[Result "0-1"]
[Round "10"]
[TimeControl "180+1"]
[Date "2021.08.24"]
[WhiteClock "0:00:01"]
[BlackClock "0:00:05"]

1. d4 d5 2. c4 c6 3. Nf3 Nf6 4. Nc3 a6 5. c5 Nbd7 6. Bf4 Nh5 7. Bd2 Nhf6 8. Qc2 g6 9. g3 Bg7 10. Bg2 O-O 11. O-O Re8 12. Bf4 Nh5 13. Bg5 Nhf6 14. e4 Nxe4 15. Nxe4 dxe4 16. Qxe4 h6 17. Bf4 g5 18. Be3 e5 19. dxe5 Nxe5 20. Rad1 Qf6 21. Nxe5 Qxe5 22. Qxe5 Bxe5 23. b4 Bg4 24. Rd2 Rad8 25. Rxd8 Rxd8 26. a4 Be2 27. Re1 Rd1 28. Rxd1 Bxd1 29. Bd2 Bxa4 30. Bh3 Bd4 31. Bc8 Bb5 32. Bxb7 Kg7 33. Bc8 Kf6 34. Kg2 Kg6 35. f4 f5 36. fxg5 hxg5 37. h4 gxh4 38. gxh4 Bf6 39. Kg3 Be5+ 40. Kg2 Bc4 41. Bd7 Bd5+ 42. Kh3 Bf3 43. Be8+ Kg7 44. h5 Bg4+ 45. Kh4 Bf6+ 46. Kg3 Be5+ 47. Kh4 Bf6+ 48. Bg5 Bc3 49. Bf4 Bxb4 50. Bxc6 Bxc5 51. Be5+ Kh7 52. Be8 Be7+ 53. Kg3 a5 54. Bg6+ Kh6 55. Bf4+ Bg5 56. Bc7 a4 57. Be8 Bd1 58. Bd6 Bc1 59. Bf8+ Kh7 60. h6 a3 61. Bf7 Bc2 62. Bg7 Bb1 0-1


[Site "https://www.chess.com"]

[Event "Titled Tuesday Blitz August 24 2021"]
[White "Zierk, Steven"]
[Black "Materia, Marco"]
[WhiteFideId "2034255"]
[BlackFideId "45150451"]
[WhiteElo "2494"]
[BlackElo "2694"]
[Result "1-0"]
[Round "10"]
[TimeControl "180+1"]
[Date "2021.08.24"]
[WhiteClock "0:01:18"]
[BlackClock "0:01:01"]

1. e4 c5 2. Nf3 e6 3. d4 cxd4 4. Nxd4 Nc6 5. Nc3 Qc7 6. Be3 a6 7. Qf3 Bd6 8. O-O-O Be5 9. g3 Nge7 10. Qe2 b5 11. f4 Bxd4 12. Bxd4 Nxd4 13. Rxd4 Rb8 14. e5 Bb7 15. Bg2 Bxg2 16. Qxg2 O-O 17. Rhd1 Rfd8 18. Qd2 Rb7 19. Ne4 Nd5 20. Nd6 Rb6 21. Rxd5 exd5 22. Qxd5 Rf8 23. f5 Rc6 24. Rd2 Rc5 25. Qd4 Qc6 26. b3 a5 27. f6 g6 28. Qe3 Qh1+ 29. Kb2 a4 30. Qxc5 Qe1 31. Rd4 Ra8 32. bxa4 bxa4 33. a3 Qe3 34. Rc4 Rb8+ 35. Ka2 Qh6 36. Qc8+ 1-0


[Site "https://www.chess.com"]

[Event "Titled Tuesday Blitz August 24 2021"]
[White "Zubov, Alexander"]
[Black "Timmermans, Mark"]
[WhiteFideId "14109409"]
[BlackFideId "1026399"]
[WhiteElo "2740"]
[BlackElo "2460"]
[Result "1-0"]
[Round "10"]
[TimeControl "180+1"]
[Date "2021.08.24"]
[WhiteClock "0:01:34"]
[BlackClock "0:00:30"]

1. d4 Nf6 2. c4 e6 3. Nf3 d5 4. Nc3 dxc4 5. e4 b5 6. e5 Nd5 7. Nxb5 Nb6 8. a3 Nc6 9. Be3 Be7 10. Qc2 Na5 11. Rd1 Ba6 12. Nc3 Qd7 13. Be2 Nd5 14. Nxd5 Qxd5 15. Nd2 Rb8 16. O-O O-O 17. Qc3 Qb5 18. b4 Nb7 19. Bxc4 Qc6 20. Rc1 Bxc4 21. Qxc4 Qxc4 22. Rxc4 a5 23. Rxc7 Rfe8 24. Rb1 Bd8 25. Rd7 Bb6 26. Nc4 1-0


[Site "https://www.chess.com"]

[Event "Titled Tuesday Blitz August 24 2021"]
[White "Aghasiyev, Kamal"]
[Black "Leitao, Rafael"]
[WhiteFideId "13402854"]
[BlackFideId "2101246"]
[WhiteElo "2210"]
[BlackElo "2609"]
[Result "0-1"]
[Round "11"]
[TimeControl "180+1"]
[Date "2021.08.24"]
[WhiteClock "0:00:01"]
[BlackClock "0:00:25"]

1. d4 Nf6 2. c4 e6 3. Nf3 Bb4+ 4. Bd2 c5 5. Bxb4 cxb4 6. Nbd2 O-O 7. e4 d6 8. Bd3 e5 9. d5 a5 10. a3 Na6 11. O-O Bg4 12. h3 Bh5 13. g4 Bg6 14. Qe2 Nc5 15. axb4 axb4 16. Qe3 Nfd7 17. Rfc1 Ra5 18. Ne1 Qa8 19. Nc2 Nxd3 20. Qxd3 Nc5 21. Qe3 b3 22. Rxa5 Qxa5 23. Na3 Rd8 24. f3 f6 25. Qc3 Qb6 26. Kg2 Be8 27. Qe3 Ra8 28. Rc3 Ba4 29. h4 Rf8 30. Nf1 Bd7 31. Nd2 Ba4 32. Nf1 Qb4 33. Ng3 Bd7 34. Kf2 Ra8 35. Ne2 Rxa3 36. bxa3 Qxa3 37. Qc1 Qa2 38. Rd3 Nxd3+ 0-1


[Site "https://www.chess.com"]

[Event "Titled Tuesday Blitz August 24 2021"]
[White "Aldokhin, Ivan"]
[Black "Erdogmus, Yagiz Kaan"]
[WhiteFideId "24115720"]
[BlackFideId "44599790"]
[WhiteElo "2306"]
[BlackElo "1783"]
[Result "0-1"]
[Round "11"]
[TimeControl "180+1"]
[Date "2021.08.24"]
[WhiteClock "0:00:02"]
[BlackClock "0:00:10"]

1. e4 c5 2. Nf3 e6 3. d4 cxd4 4. Nxd4 Nf6 5. Nc3 Nc6 6. Nxc6 bxc6 7. Bd3 d5 8. Qe2 Be7 9. O-O O-O 10. Bf4 Re8 11. Rad1 Bf8 12. Rfe1 e5 13. Bg5 d4 14. Nb1 h6 15. Bh4 g5 16. Bg3 Bg4 17. f3 Be6 18. Nd2 Nh5 19. Bxe5 Bxa2 20. Bc4 Rxe5 21. Bxa2 Nf4 22. Qc4 Ne6 23. Nf1 Rc5 24. Qe2 Nf4 25. Qf2 Qb6 26. Rxd4 Ra5 27. Bc4 Bc5 28. c3 Ra4 29. b4 Bxd4 30. cxd4 Rxb4 31. Ne3 Qxd4 32. Rd1 Qb6 33. h4 Rb2 34. Rd2 Rxd2 35. Qxd2 Rd8 36. Qc3 Qd4 37. Qb3 Nd3 38. Bxf7+ Kf8 39. Bh5 Qxe3+ 40. Kh2 Qf4+ 41. g3 Qf6 42. Qa3+ Qe7 43. Qc3 Ne5 44. Kh3 gxh4 45. f4 Rd3 46. Qb2 Rxg3+ 47. Kh2 Qc5 48. Qb8+ Ke7 49. Qc7+ Nd7 0-1


[Site "https://www.chess.com"]

[Event "Titled Tuesday Blitz August 24 2021"]
[White "Andreikin, Dmitry"]
[Black "Maghsoodloo, Parham"]
[WhiteFideId "4158814"]
[BlackFideId "12539929"]
[WhiteElo "2782"]
[BlackElo "2601"]
[Result "1/2-1/2"]
[Round "11"]
[TimeControl "180+1"]
[Date "2021.08.24"]
[WhiteClock "0:00:23"]
[BlackClock "0:00:12"]

1. d4 Nf6 2. c4 e6 3. Nf3 Bb4+ 4. Bd2 a5 5. g3 O-O 6. Bg2 d5 7. Qc2 Be7 8. O-O Nbd7 9. Bf4 c6 10. Rd1 b5 11. cxd5 cxd5 12. Ne5 Ba6 13. Nc6 Rc8 14. Rc1 Qe8 15. Qd2 b4 16. a3 Nb6 17. Nxe7+ Qxe7 18. axb4 Rxc1+ 19. Qxc1 Qxb4 20. Bd2 Qxd4 21. e3 Qc4 22. Rxa5 Qxc1+ 23. Bxc1 Bd3 24. Nc3 Nc4 25. Ra2 Rb8 26. Bf1 Ne5 27. f4 Nf3+ 28. Kf2 Bxf1 29. Kxf3 Bd3 30. Ra3 h5 1/2-1/2


[Site "https://www.chess.com"]

[Event "Titled Tuesday Blitz August 24 2021"]
[White "Bai, Adelard"]
[Black "Ovetchkin, Roman"]
[WhiteFideId "16301188"]
[BlackFideId "4119991"]
[WhiteElo "2120"]
[BlackElo "2432"]
[Result "1-0"]
[Round "11"]
[TimeControl "180+1"]
[Date "2021.08.24"]
[WhiteClock "0:00:03"]
[BlackClock "0:00:15"]

1. d4 Nf6 2. Nf3 g6 3. Bf4 d6 4. e3 Nh5 5. Bg5 h6 6. Bh4 g5 7. Bg3 Bg7 8. Bd3 e6 9. c3 Qe7 10. Nbd2 Nd7 11. Ng1 Nxg3 12. hxg3 c5 13. Ngf3 b6 14. Qe2 a6 15. O-O-O Bb7 16. e4 g4 17. Nh2 h5 18. Nb3 b5 19. Bc2 cxd4 20. Nxd4 Rc8 21. Kb1 Ne5 22. Nf1 Qc7 23. Ne3 Qb6 24. a3 Ke7 25. f4 gxf3 26. gxf3 Nc4 27. Nxc4 Rxc4 28. Qe3 Qc7 29. f4 Kd8 30. f5 Kc8 31. fxe6 Bxd4 32. Rxd4 fxe6 33. Rxc4 bxc4 34. Rd1 e5 35. Qg5 Kb8 36. Qf6 Rd8 37. Rh1 Rg8 38. Rxh5 Rxg3 39. Qf8+ Ka7 40. Rh6 Rg1+ 41. Ka2 Rg2 42. Kb1 Qb6 43. Qxd6 Qg1+ 44. Bd1 Qf2 45. Be2 Qg1+ 46. Ka2 Rxe2 47. Rh8 Qb6 48. Qb8# 1-0


[Site "https://www.chess.com"]

[Event "Titled Tuesday Blitz August 24 2021"]
[White "Begunov, Konstantin"]
[Black "Kononenko, Dmitry"]
[WhiteFideId "4118510"]
[BlackFideId "14113538"]
[WhiteElo "2262"]
[BlackElo "2276"]
[Result "0-1"]
[Round "11"]
[TimeControl "180+1"]
[Date "2021.08.24"]
[WhiteClock "0:00:02"]
[BlackClock "0:00:20"]

1. d4 Nf6 2. c4 c5 3. Nf3 cxd4 4. Nxd4 g6 5. Nc3 d5 6. g3 dxc4 7. Qa4+ Nbd7 8. Bg2 Bg7 9. Qxc4 O-O 10. Ndb5 a6 11. Nc7 b5 12. Qc6 Ra7 13. N3d5 e6 14. Be3 Rb7 15. Nxf6+ Bxf6 16. Nxa6 Ne5 17. Qc2 Qa5+ 18. Bd2 Qxa6 19. Bxb7 Bxb7 20. O-O Rc8 21. Qb3 Qc6 22. f3 Nc4 23. Bc1 Bd4+ 24. Kg2 h5 25. a4 bxa4 26. Rxa4 h4 27. Rd1 Bb6 0-1


[Site "https://www.chess.com"]